 Dungeon Crawl Stone Soup version 0.27.1-1-g398f81649c (webtiles) character file.

Game seed: 13818568849573091910

152 MisterFreud the Shield-Bearer (level 5, 0/47 HPs)
             Began as a Gnoll Fighter on Sept 9, 2021.
             Was a Believer of Elyvilon.
             Killed from afar by an orc wizard (6 damage)
             ... with a magic dart
             ... on level 3 of the Dungeon.
             The game lasted 00:02:54 (1722 turns).

MisterFreud the Shield-Bearer (Gnoll Fighter)       Turns: 1722, Time: 00:02:54

Health: 0/47       AC:  7    Str: 16    XL:     5   Next: 34%
Magic:  4/7        EV:  8    Int:  8    God:    Elyvilon [**....]
Gold:   108        SH: 10    Dex: 11    Spells: 6/6 levels left

rFire    . . .     SeeInvis .   a - +0 rapier
rCold    . . .     Faith    .   c - +0 kite shield
rNeg     . . .     Spirit   .   b - +0 scale mail
rPois    .         Reflect  .   (no helmet)
rElec    .         Harm     .   (no cloak)
rCorr    .         Rampage  .   (no gloves)
Will     .....                  (no boots)
Stlth    ..........             (no amulet)
HPRegen  0.15/turn              (no ring)
MPRegen  0.10/turn              (no ring)

@: no status effects
A: fangs 1, strong nose, distributed training
a: Renounce Religion, Lesser Healing, Heal Other, Divine Protection


You were on level 3 of the Dungeon.
You worshipped Elyvilon.
Elyvilon was pleased with you.
You visited 1 branch of the dungeon, and saw 3 of its levels.

You collected 134 gold pieces.
You spent 26 gold pieces at shops.

Inventory:

Hand Weapons
 a - a +0 rapier (weapon)
Armour
 b - a +0 scale mail (worn)
 c - a +0 kite shield (worn)
Scrolls
 e - a scroll of magic mapping {unknown}
 h - 3 scrolls of identify
 i - a scroll of enchant armour {unknown}
 j - a scroll of amnesia {unknown}
 k - a scroll of immolation {unknown}
 m - a scroll of fear {unknown}
Potions
 d - a potion of might
 f - a potion of degeneration {unknown}
 g - a potion of flight {unknown}
 l - a potion of resistance {unknown}


   Skills:
 + Level 6.7 Fighting
 + Level 4.8 Short Blades
 + Level 1.4 Long Blades
 + Level 1.4 Axes
 + Level 1.4 Maces & Flails
 + Level 1.4 Polearms
 + Level 1.4 Staves
 + Level 1.4 Slings
 + Level 1.4 Bows
 + Level 1.4 Crossbows
 + Level 1.4 Throwing
 + Level 6.7 Armour
 + Level 1.4 Dodging
 + Level 1.4 Stealth
 + Level 6.7 Shields
 + Level 1.4 Unarmed Combat
 + Level 1.4 Spellcasting
 + Level 1.1 Conjurations
 + Level 1.1 Hexes
 + Level 1.1 Summonings
 + Level 1.1 Necromancy
 + Level 1.1 Translocations
 + Level 1.1 Transmutations
 + Level 1.1 Fire Magic
 + Level 1.1 Ice Magic
 + Level 1.1 Air Magic
 + Level 1.1 Earth Magic
 + Level 1.1 Poison Magic
 + Level 1.6 Invocations
 + Level 1.4 Evocations


You had 6 spell levels left.
You didn't know any spells.
Your spell library was empty.

Dungeon Overview and Level Annotations

Branches:
Dungeon (3/15)

Altars:
Elyvilon
Gozag
Beogh

Shops:
D:2 [?**


Innate Abilities, Weirdness & Mutations

You have very sharp teeth.
Your uncanny sense of smell can sniff out nearby items.
Your experience applies equally to all skills.


Message History

The orc wizard casts a spell.
The orc wizard flickers and vanishes!
Deactivating autopickup; reactivate with Ctrl-A.
You miss something.
Something hits you but does no damage. x2
You miss something. Something hits you.
You miss something.
You hear some strange, mumbled words.
A puff of flame appears from out of thin air!
You block the puff of flame.
You closely miss something.
You hear some strange, mumbled words.
You are confused.
You barely miss something. Something hits you but does no damage.
You miss something. Something hits you but does no damage.
You bump into the rock wall.
Something hits you.
You're too confused to move!
Something hits you but does no damage.
Your shield and scale mail prevent you from hitting something.
You hear some strange, mumbled words.
Something tries to affect you, but you resist.
You completely miss something.
You feel less confused. Something hits you but does no damage.
You barely miss something. Something hits you but does no damage.
You miss something.
You hear some strange, mumbled words.
A puff of flame appears from out of thin air!
The puff of flame hits you!
* * * LOW HITPOINT WARNING * * *
You hit something but do no damage. Something completely misses you.
Something hits you but does no damage.
You miss something. Something hits you but does no damage.
You hit something. Something hits you.
* * * LOW HITPOINT WARNING * * *
You miss something. Something hits you.
* * * LOW HITPOINT WARNING * * *
You puncture something!
You hear some strange, mumbled words.
A magic dart appears from out of thin air!
The magic dart hits you.
You die...

####....##.# .#
#####....# .#
.........# .. #
.........###..#
..............#
........####.##
..........# ∆
........#.#
........#@#
........#{#
.....####.##
#.####.....#
#..........#
###......#
#......#
#......#
#..........


There were no monsters in sight!

Vanquished Creatures
  2 orc priests (D:3)
  4 adders
  A worm (D:2)
  5 dart slugs
  2 orcs (D:3)
  5 endoplasms
  2 giant cockroaches
  3 goblins
  5 hobgoblins (D:1)
  3 kobolds
  2 quokkas
  2 ball pythons
  2 bats
  2 frilled lizards (D:1)
  6 rats
46 creatures vanquished.

Vanquished Creatures (others)
  7 plants (D:2)
7 creatures vanquished.

Grand Total: 53 creatures vanquished

Notes
Turn   | Place    | Note
-------+----------+-------------------------------------------
     0 | D:1      | MisterFreud the Gnoll Fighter began the quest for the Orb.
     0 | D:1      | Reached XP level 1. HP: 23/23 MP: 1/1
   236 | D:1      | Reached XP level 2. HP: 25/29 MP: 2/2
   572 | D:1      | Reached XP level 3. HP: 35/35 MP: 3/3
   663 | D:1      | Found a faded altar of an unknown god.
   708 | D:1      | Became a worshipper of Elyvilon the Healer
   708 | D:1      | Reached * piety under Elyvilon
   839 | D:2      | Reached skill level 1 in Invocations
  1024 | D:2      | Found Dayc's Magic Scroll Emporium.
  1033 | D:2      | Bought a scroll of identify for 26 gold pieces
  1050 | D:2      | Found Vaynk's Antique Armour Boutique.
  1098 | D:2      | Reached skill level 1 in Long Blades
  1098 | D:2      | Reached skill level 1 in Axes
  1098 | D:2      | Reached skill level 1 in Maces & Flails
  1098 | D:2      | Reached skill level 1 in Polearms
  1098 | D:2      | Reached skill level 1 in Staves
  1098 | D:2      | Reached skill level 1 in Slings
  1098 | D:2      | Reached skill level 1 in Bows
  1098 | D:2      | Reached skill level 1 in Crossbows
  1098 | D:2      | Reached skill level 1 in Throwing
  1098 | D:2      | Reached skill level 1 in Dodging
  1098 | D:2      | Reached skill level 1 in Stealth
  1098 | D:2      | Reached skill level 1 in Unarmed Combat
  1098 | D:2      | Reached skill level 1 in Spellcasting
  1098 | D:2      | Reached skill level 1 in Evocations
  1105 | D:2      | Reached XP level 4. HP: 41/41 MP: 5/5
  1188 | D:2      | Found Muismic's Assorted Antiques.
  1209 | D:2      | Found Wiunef's General Store.
  1325 | D:2      | Reached ** piety under Elyvilon
  1553 | D:3      | Found an opulent altar of Gozag.
  1663 | D:3      | Reached skill level 1 in Conjurations
  1663 | D:3      | Reached skill level 1 in Hexes
  1663 | D:3      | Reached skill level 1 in Summonings
  1663 | D:3      | Reached skill level 1 in Necromancy
  1663 | D:3      | Reached skill level 1 in Translocations
  1663 | D:3      | Reached skill level 1 in Transmutations
  1663 | D:3      | Reached skill level 1 in Fire Magic
  1663 | D:3      | Reached skill level 1 in Ice Magic
  1663 | D:3      | Reached skill level 1 in Air Magic
  1663 | D:3      | Reached skill level 1 in Earth Magic
  1663 | D:3      | Reached skill level 1 in Poison Magic
  1685 | D:3      | Reached XP level 5. HP: 24/47 MP: 5/7
  1722 | D:3      | Killed from afar by an orc wizard

Illustrated notes

Levels and vault maps discovered:
D:1:      heliophobic_arrival_ceremonial_halls, layout_loops_ring,
          hellmonk_ecumenical_altar_defaced_shrine
D:2:      layout_basic, serial_shops, shop, nicolae_shop_trees,
          nicolae_shop_temple_entry_statues_fountains, nicolae_lakefront_shop,
          serial_bayou_pond_c
D:3:      layout_basic, amcnicky_altar_gilded, hangedman_decor_diamond_cutter,
          kennysheep_donut, minivault_27

Skill      XL: |  1  2  3  4 |
---------------+-------------+-----
Invocations    | 1 |  1.6
Long Blades    | 1 |  1.4
Axes           | 1 |  1.4
Maces & Flails | 1 |  1.4
Polearms       | 1 |  1.4
Staves         | 1 |  1.4
Slings         | 1 |  1.4
Bows           | 1 |  1.4
Crossbows      | 1 |  1.4
Throwing       | 1 |  1.4
Dodging        | 1 |  1.4
Stealth        | 1 |  1.4
Unarmed Combat | 1 |  1.4
Spellcasting   | 1 |  1.4
Evocations     | 1 |  1.4
Conjurations   | 1 |  1.1
Hexes          | 1 |  1.1
Summonings     | 1 |  1.1
Necromancy     | 1 |  1.1
Translocations | 1 |  1.1
Transmutations | 1 |  1.1
Fire Magic     | 1 |  1.1
Ice Magic      | 1 |  1.1
Air Magic      | 1 |  1.1
Earth Magic    | 1 |  1.1
Poison Magic   | 1 |  1.1
Fighting       | |  6.7
Short Blades   | |  4.8
Armour         | |  6.7
Shields        | |  6.7

Action                   |  1- 3 |  4- 6 || total
-------------------------+-------+-------++-------
Melee: Short sword       |    43 |       ||    43
       Rapier            |    40 |    70 ||   110
       Bite              |     2 |     3 ||     5
Invok: Lesser Healing    |       |     5 ||     5
Armor: Scale mail        |    33 |    28 ||    61
Dodge: Dodged            |    24 |    15 ||    39
Block: Kite shield       |    38 |    26 ||    64
